 Dungeon Crawl Stone Soup version 0.24.1-14-gf8d2b509d9 (webtiles) character file.

Game seed: 2283097164014048598, levelgen mode: deterministic

65 KlarStein the Skirmisher (level 3, -2/29 HPs)
             Began as a Demonspawn Fighter on Aug 31, 2020.
             Slain by Grinder (6 damage)
             ... on level 3 of the Dungeon.
             The game lasted 00:05:53 (2196 turns).

KlarStein the Skirmisher (Demonspawn Fighter)       Turns: 2196, Time: 00:05:54

Health: -2/29      AC:  6    Str: 17    XL:     3   Next: 92%
Magic:  3/3        EV:  7    Int:  9    God:
Gold:   176        SH:  9    Dex: 12    Spells: 2/2 levels left

rFire    . . .     SeeInvis +   a - +0 long sword
rCold    . . .     Gourm    .   c - +0 shield
rNeg     . . .     Faith    .   b - +0 scale mail
rPois    .         Spirit   .   (no helmet)
rElec    .         Reflect  .   (no cloak)
rCorr    .         Harm     .   (no gloves)
MR       .....                  (no boots)
Stlth    ..........             (no amulet)
HPRegen  0.09/turn              y - ring of see invisible
MPRegen  0.08/turn              (no ring)

@: no status effects
A: hooves 1
a: no special abilities


You were on level 3 of the Dungeon.
You were not hungry.

You visited 1 branch of the dungeon, and saw 3 of its levels.

You collected 176 gold pieces.

Inventory:

Hand Weapons
 a - a +0 long sword (weapon)
 x - a +2 hunting sling of flaming
Armour
 b - a +0 scale mail (worn)
 c - a +0 shield (worn)
Magical Staves
 t - an uncursed staff of poison {unknown}
Jewellery
 y - a ring of see invisible (left hand)
Wands
 p - a wand of iceblast (7)
Scrolls
 e - a scroll of immolation {unknown}
 h - a scroll of identify {unknown}
 i - a scroll of magic mapping {unknown}
 k - a scroll of amnesia {unknown}
 u - a scroll of fear {unknown}
 v - a scroll of random uselessness {unknown}
 z - a scroll of enchant weapon {unknown}
Potions
 d - a potion of might
 g - 2 potions of heal wounds {unknown}
 j - 3 potions of flight {unknown}
 l - a potion of resistance {unknown}
 m - a potion of ambrosia {unknown}
 n - a potion of lignification {unknown}
 q - a potion of invisibility {unknown}
 r - a potion of cancellation {unknown}
 s - a potion of degeneration {unknown}
 w - a potion of curing {unknown}
Comestibles
 f - 7 rations
 o - 7 chunks of flesh


   Skills:
 + Level 3.4 Fighting
 * Level 2.8 Long Blades
 + Level 3.1 Armour
 + Level 3.1 Shields


You had 2 spell levels left.
You didn't know any spells.
Your spell library was empty.

Dungeon Overview and Level Annotations

Branches:
Dungeon (3/15)

Altars:
Elyvilon
Qazlal
Vehumet

Annotations:
D:3 1 runed translucent door, Crazy Yiuf, Grinder


Innate Abilities, Weirdness & Mutations

You have large cloven feet.


Message History

Grinder is lightly wounded.
Grinder hits you.
You writhe in agony.
You block Grinder's attack.
You barely miss Grinder. You kick Grinder.
Grinder is moderately wounded.
Grinder barely misses you.
You closely miss Grinder. Your kick misses Grinder.
Grinder is moderately wounded.
Grinder gestures at you. Pain shoots through your body!
You hit Grinder.
Grinder is moderately wounded.
Grinder hits you!
You writhe in agony.
* * * LOW HITPOINT WARNING * * *
Grinder hits you but does no damage.
You closely miss Grinder. Your kick misses Grinder.
Grinder is moderately wounded.
Grinder hits you.
* * * LOW HITPOINT WARNING * * *
You writhe in agony.
You die...

#.#.###.#####..##..#..
#.#.#.................
#.#.#.#.#####.........
#.#.....# ###.#...#.
#.###.#.# ##...##.
#.......# ###.##.
#####.### #.##. #.#
#+### #@# #5####
#.##.#### .
####.......##....
...................
########...#.##....
##..#.# .. ##.#.#
....#


You could see Grinder.

Vanquished Creatures
  2 adders (D:2)
  A worm (D:3)
  2 dart slugs (D:2)
  3 leopard geckos
  An orc (D:3)
  3 giant cockroaches (D:2)
  2 goblins (D:3)
  4 hobgoblins (D:2)
  2 jackals (D:3)
  6 kobolds
  A ball python (D:3)
  7 bats
  4 frilled lizards
  2 rats
40 creatures vanquished.

Notes
Turn   | Place    | Note
-------+----------+-------------------------------------------
     0 | D:1      | KlarStein the Demonspawn Fighter began the quest for the
                  | Orb.
     0 | D:1      | Reached XP level 1. HP: 18/18 MP: 1/1
   587 | D:2      | Gained mutation: You have large cloven feet. [demonic
                  | ancestry]
   587 | D:2      | Reached XP level 2. HP: 24/24 MP: 2/2
   822 | D:2      | Found a stormy altar of Qazlal.
   836 | D:2      | Reached XP level 3. HP: 13/29 MP: 3/3
  1202 | D:2      | Found a faded altar of an unknown god.
  1495 | D:2      | Found a white marble altar of Elyvilon.
  1946 | D:3      | Found a runed translucent door.
  1947 | D:3      | Noticed Crazy Yiuf
  2080 | D:3      | Found a radiant altar of Vehumet.
  2172 | D:3      | Noticed Grinder
  2196 | D:3      | Slain by Grinder

Levels and vault maps discovered:
D:1:      ncdulo_wetmaze, layout_loops_cross
D:2:      minmay_wonky_spiral, layout_basic, nicolae_qazlal_general_emergency,
          chequers_ecumenical_altar_island, elyvilon_altar_4
D:3:      layout_loops_corners, fiery_altar_vehumet, uniq_grinder,
          uniq_crazy_yiuf_cottage

Skill      XL: |  1  2  3 |
---------------+----------+-----
Long Blades    | 2 |  2.8
Shields        | 3 |  3.1
Armour         | 3 |  3.1
Fighting       | |  3.4

Action                   || total
-------------------------++-------
Melee: Long sword        ||   115
       Kick              ||    16
  Eat: Chunk             ||     4
Armor: Scale mail        ||    67
Dodge: Dodged            ||    38
Block: Shield            ||    63
       Rpst.: Long sword ||    13
